 Dungeon Crawl Stone Soup version 0.22-a0-48-g8770677 (webtiles) character file.

200 gmonis the Cudgeler (level 5, -17/45 HPs)
             Began as a Minotaur Berserker on Jan 7, 2018.
             Was a Priest of Trog.
             Demolished by an ogre
             ... wielding a +0 giant spiked club
              (21 damage)
             ... on level 3 of the Dungeon.
             The game lasted 00:05:12 (2755 turns).

gmonis the Cudgeler (Minotaur Berserker)            Turns: 2755, Time: 00:05:13

Health: -17/45     AC:  6    Str: 23    XL:     5   Next: 48%
Magic:  4/4        EV:  8    Int:  4    God:    Trog [***...]
Gold:   137        SH:  0    Dex:  9    Spells: 4/4 levels left

rFire    . . .     SeeInvis .   a - +0 mace
rCold    . . .     Gourm    .   (no shield)
rNeg     . . .     Faith    .   v - +0 chain mail
rPois    .         Spirit   .   (helmet restricted)
rElec    .         Reflect  .   w - scarf {cloud immunity}
rCorr    .         Harm     .   (no gloves)
MR       .....     Rnd*Tele +   (no boots)
Stlth    ..........             (no amulet)
HPRegen  0.15/turn              j - -2 ring of protection (curse)
MPRegen  0.09/turn              s - ring of teleportation (curse)

@: no status effects
A: retaliatory headbutt, horns 2
a: Berserk, Trog's Hand, Burn Spellbooks, Renounce Religion


You were on level 3 of the Dungeon.
You worshipped Trog.
Trog was most pleased with you.
You were not hungry.

You visited 1 branch of the dungeon, and saw 4 of its levels.

You collected 137 gold pieces.

Inventory:

Hand Weapons
 a - a +0 mace (weapon)
Missiles
 g - 80 stones (quivered)
Armour
 b - a +0 animal skin
 v - a +0 chain mail (worn)
 w - a scarf of cloud immunity (worn)
Jewellery
 j - a cursed -2 ring of protection (left hand)
 m - an uncursed ring of wizardry
 s - a cursed ring of teleportation (right hand)
Wands
 u - a wand of acid (8)
Scrolls
 d - 3 scrolls of teleportation {unknown}
 e - a scroll of magic mapping {unknown}
 k - 4 scrolls of identify {unknown}
 l - a scroll of remove curse {unknown}
 n - a scroll of enchant armour {unknown}
 o - a scroll of blinking {unknown}
 p - 2 scrolls of random uselessness {unknown}
 r - a scroll of noise {unknown}
Potions
 f - a potion of degeneration {unknown}
 h - a potion of mutation {unknown}
 i - 2 potions of heal wounds {unknown}
 q - a potion of agility {unknown}
 t - 4 potions of curing {unknown}
Comestibles
 c - 5 rations


   Skills:
 - Level 3.6 Fighting
 + Level 7.6 Maces & Flails
 - Level 2.4 Armour
 - Level 2.1 Dodging


You had 4 spell levels left.
You didn't know any spells.

Dungeon Overview and Level Annotations

Branches:
Dungeon (4/15)
 Temple: D:4-7

Altars:
Ashenzari
The Shining One


Innate Abilities, Weirdness & Mutations

You reflexively headbutt those who attack you in melee.
You have a pair of horns on your head.


Message History

The ogre barely misses you. You furiously retaliate!
You headbutt the ogre! The goblin hits you but does no damage.
You see here a jackal corpse.
The goblin hits you but does no damage.
There is a stone staircase leading up here.
The orc hits you but does no damage. The goblin hits you but does no damage.
You climb upwards.
There is a stone staircase leading down here.
You see here a club.
You barely miss the ogre.
The ogre is heavily wounded.
The ogre hits you with a giant spiked club!
* * * LOW HITPOINT WARNING * * *
The orc closely misses you. You furiously retaliate!
You headbutt the orc. The goblin hits you but does no damage.
You sock the ogre! You headbutt the ogre.
The ogre is almost dead.
The orc barely misses you.
The ogre hits you with a giant spiked club!!
You die...

#.# #.# ####.#
#....###########
#.#............. ###########
###.###[......####
#..[.##...###..(# #.......##..
#.##.##...##..g####.......##.#
#.##<##...##.@O+..#.......##.#
#.#####...##..o##.#.....÷.##..
#..####...###'###.......÷.####
#.....')..###.# ##........'...
##..###.....#.# #............
#....#.#>#.#.# ##.÷###.###..
######...#.#)# #..# #.# #..
#####.#.# #..###+###.#
#.#.#####..###_+....


You could see an ogre, an orc and a goblin.

Vanquished Creatures
  An orc wizard (D:4)
  Jessica (D:2)
  Terence (D:3)
  3 adders
  An ooze (D:2)
  A worm (D:3)
  3 dart slugs
  2 leopard geckos
  5 orcs
  A ball python (D:1)
  6 bats
  6 giant cockroaches
  6 goblins
  7 hobgoblins
  8 jackals
  7 kobolds
  A quokka (D:2)
  7 frilled lizards
  11 rats
78 creatures vanquished.

Notes
Turn   | Place    | Note
-------+----------+-------------------------------------------
     0 | D:1      | gmonis the Minotaur Berserker began the quest for the Orb.
     0 | D:1      | Reached XP level 1. HP: 19/19 MP: 0/0
   141 | D:1      | Reached skill level 4 in Maces & Flails
   228 | D:1      | Reached XP level 2. HP: 5/26 MP: 1/1
   828 | D:1      | Reached skill level 5 in Maces & Flails
   940 | D:1      | Reached XP level 3. HP: 31/31 MP: 2/2
  1013 | D:1      | Reached ** piety under Trog
  1822 | D:2      | Noticed Jessica
  1829 | D:2      | Killed Jessica
  1829 | D:2      | Reached skill level 6 in Maces & Flails
  1829 | D:2      | Reached XP level 4. HP: 21/39 MP: 3/3
  2067 | D:3      | Noticed Terence
  2074 | D:3      | Killed Terence
  2112 | D:3      | Reached XP level 5. HP: 41/45 MP: 4/4
  2131 | D:3      | Reached skill level 7 in Maces & Flails
  2159 | D:3      | Found a shattered altar of Ashenzari.
  2534 | D:3      | Found a glowing golden altar of the Shining One.
  2741 | D:4      | Reached *** piety under Trog
  2742 | D:4      | Noticed an ogre
  2755 | D:3      | Demolished by an ogre

Vault maps used:
D:1:      dpeg_arrival_houses_and_road
D:2:      kennysheep_pointless_box, uniq_jessica
D:3:      lemuel_doored_altar, evilmike_ruin_ashenzari, uniq_terence
D:4:      temple_green, first_ration, vehumet_altar_wand_db, uniq_robin

Skill      XL: |  1  2  3  4  5 |
---------------+----------------+-----
Maces & Flails | 4 5 6 7 |  7.6
Fighting       | |  3.6
Armour         | |  2.4
Dodging        | |  2.1

Action                   |  1- 3 |  4- 6 || total
-------------------------+-------+-------++-------
Melee: Mace              |    83 |    79 ||   162
       Headbutt          |    14 |    14 ||    28
Invok: Trog's Hand       |     1 |       ||     1
  Eat: Chunk             |     1 |     5 ||     6
Armor: Animal skin       |    16 |     1 ||    17
       Chain mail        |       |    19 ||    19
Dodge: Dodged            |    66 |    59 ||   125

Table legend:
 A = Spawn XP
 B = Non-spawn XP
 C = Spawn XP percentage of total XP
 D = Spawn monster count
 E = Non-spawn monster count
 F = Spawn count percentage of total count
 G = Total turns spent on level
                    A         B        C        D         E        F      G
               +---------+---------+-------+---------+---------+-------+---------
         Total |       0 |     286 |   0.0 |       0 |      78 |   0.0 |  2755
               +---------+---------+-------+---------+---------+-------+---------
           D:1 |       0 |      60 |   0.0 |       0 |      37 |   0.0 |  1316
           D:2 |       0 |      83 |   0.0 |       0 |      12 |   0.0 |   715
           D:3 |       0 |      91 |   0.0 |       0 |      24 |   0.0 |   707
           D:4 |       0 |      52 |   0.0 |       0 |       5 |   0.0 |    17
               +---------+---------+-------+---------+---------+-------+---------
